 Dungeon Crawl Stone Soup version 0.21.1-1-g345015fe64 (webtiles) character file.

102 Mrkan the Ruffian (level 4, -1/44 HPs)
             Began as a Troll Monk on May 6, 2018.
             Slain by Grinder (7 damage)
             ... on level 3 of the Dungeon.
             The game lasted 00:03:38 (1423 turns).

Mrkan the Ruffian (Troll Monk)                      Turns: 1423, Time: 00:03:38

Health: -1/44      AC:  5    Str: 19    XL:     4   Next: 49%
Magic:  3/3        EV: 10    Int:  6    God:
Gold:   127        SH:  0    Dex: 13    Spells: 3/3 levels left

rFire    . . .     SeeInvis .     - Unarmed
rCold    . . .     Gourm    +   (no shield)
rNeg     . . .     Faith    .   a - +0 robe
rPois    .         Spirit   .   (helmet restricted)
rElec    .         Reflect  .   (no cloak)
rCorr    .         Harm     .   (gloves unavailable)
MR       .....                  (boots unavailable)
Stlth    ++........             (no amulet)
HPRegen  0.54/turn              (no ring)
MPRegen  0.08/turn              (no ring)

@: no status effects
A: large, unfitting armour, claws 3, fast metabolism 3, gourmand, regeneration
1, shaggy fur 1, tough skin 2
a: no special abilities


You were on level 3 of the Dungeon.
You were very full.

You visited 1 branch of the dungeon, and saw 3 of its levels.

You collected 127 gold pieces.

Inventory:

Armour
 a - a +0 robe (worn)
Jewellery
 c - a +3 ring of evasion {unknown}
 g - an uncursed ring of flight {unknown}
 i - an uncursed ring of protection from magic {unknown}
 k - an uncursed ring of ice {unknown}
Scrolls
 e - a scroll of random uselessness {unknown}
 f - a scroll of teleportation {unknown}
 j - a scroll of magic mapping {unknown}
 l - a scroll of enchant weapon {unknown}
 m - a scroll of blinking {unknown}
 p - a scroll of remove curse {unknown}
 q - a scroll of identify {unknown}
Potions
 d - a potion of invisibility {unknown}
 h - a potion of haste {unknown}
 n - a potion of ambrosia {unknown}
 o - a potion of curing {unknown}
Comestibles
 b - 7 rations


   Skills:
 - Level 2.4 Fighting
 - Level 2.4 Dodging
 - Level 1.0 Stealth
 * Level 5.3 Unarmed Combat


You had 3 spell levels left.
You didn't know any spells.

Dungeon Overview and Level Annotations

Branches:
Dungeon (3/15)

Altars:

Annotations:
D:3 Grinder


Innate Abilities, Weirdness & Mutations

You are too large for most types of armour.
You have claws for hands.
Your metabolism is lightning-fast.
You like to eat raw meat.
Your natural rate of healing is unusually fast.
You are covered in fur. (AC +1)
You have very tough skin. (AC +2)


Message History

The orc wizard points at you and mumbles some strange words.
The magic dart hits you!
* * * LOW HITPOINT WARNING * * *
Grinder gestures at you.
You suddenly lose the ability to move!
Grinder gestures at you.
You shrug off the repeated paralysis!
You can move again.
Grinder gestures at you. Pain shoots through your body!
* * * LOW HITPOINT WARNING * * *
Grinder says, "Tell me all your secrets, or I'll kill you."
The orc wizard casts a spell.
The orc wizard flickers and vanishes!
Deactivating autopickup; reactivate with Ctrl-A.
An orc comes into view. It is wielding a whip.
The orc shouts! 2 orcs come into view.
Grinder hits you!
You die...

. #. . #. .### ### ..#
# ...#### ###.####...
....... ##..@....###
.......#####..5..oo.o..
.............######..##
..........#### .%.
.......)o.# #
..####..#.## ##<(.)#
##.#...# #.###.#


You could see Grinder and 4 orcs.

Vanquished Creatures
  A jelly (D:2)
  2 adders (D:2)
  An ooze (D:2)
  2 dart slugs (D:2)
  A leopard gecko (D:1)
  8 bats
  3 giant cockroaches
  4 goblins
  5 hobgoblins
  3 jackals (D:2)
  7 kobolds
  2 ball pythons (D:1)
  3 frilled lizards
  3 rats
45 creatures vanquished.

Vanquished Creatures (others)
  5 toadstools (D:1)
5 creatures vanquished.

Grand Total: 50 creatures vanquished

Notes
Turn   | Place    | Note
-------+----------+-------------------------------------------
     0 | D:1      | Mrkan the Troll Monk began the quest for the Orb.
     0 | D:1      | Reached XP level 1. HP: 22/22 MP: 0/0
   207 | D:1      | Reached XP level 2. HP: 18/29 MP: 1/1
   636 | D:2      | Reached skill level 4 in Unarmed Combat
   636 | D:2      | Reached XP level 3. HP: 18/36 MP: 2/2
   910 | D:2      | Reached XP level 4. HP: 25/44 MP: 3/3
   916 | D:2      | Reached skill level 5 in Unarmed Combat
  1395 | D:3      | Noticed Grinder
  1413 | D:3      | Paralysed by Grinder for 4 turns
  1423 | D:3      | Slain by Grinder

Skill      XL: |  1  2  3  4 |
---------------+-------------+-----
Unarmed Combat | 4 5 |  5.3
Fighting       | |  2.4
Dodging        | |  2.4
Stealth        | |  1.0

Action                   |  1- 3 |  4- 6 || total
-------------------------+-------+-------++-------
Melee: Unarmed           |    79 |    38 ||   117
       Punch             |       |     3 ||     3
 Stab: Sleeping          |     1 |       ||     1
  Eat: Chunk             |    14 |     3 ||    17
Armor: Robe              |    37 |    18 ||    55
Dodge: Dodged            |    42 |    20 ||    62
